 Dungeon Crawl Stone Soup version 0.22.1-1-ga44c0e5 (webtiles) character file.

138 HoaS the Skirmisher (level 5, -2/34 HPs)
             Began as a Gargoyle Monk on Oct 5, 2018.
             Killed by divine providence
             ... invoked by an orc priest
              (10 damage)
             ... on level 2 of the Dungeon.
             The game lasted 00:05:19 (2086 turns).

HoaS the Skirmisher (Gargoyle Monk)                 Turns: 2086, Time: 00:05:20

Health: -2/34      AC:  8    Str: 15    XL:     5   Next: 21%
Magic:  5/5        EV: 12    Int: 10    God:
Gold:   62         SH:  0    Dex: 13    Spells: 4/4 levels left

rFire    . . .     SeeInvis .     - Unarmed
rCold    . . .     Gourm    .   (no shield)
rNeg     + . .     Faith    .   d - +0 leather armour
rPois    ∞         Spirit   .   (no helmet)
rElec    +         Reflect  .   (no cloak)
rCorr    .         Harm     .   e - +0 pair of gloves
MR       .....                  (no boots)
Stlth    ++........             (no amulet)
HPRegen  0.11/turn              (no ring)
MPRegen  0.09/turn              (no ring)

@: no status effects
A: negative energy resistance 1, electricity resistance, unbreathing,
petrification resistance, rot immunity, AC +4
a: no special abilities


You were on level 2 of the Dungeon.
You were not hungry.

You visited 1 branch of the dungeon, and saw 2 of its levels.

You collected 62 gold pieces.

Inventory:

Armour
 d - a +0 leather armour (worn)
 e - a +0 pair of gloves (worn)
Jewellery
 f - a +6 ring of evasion {unknown}
Scrolls
 g - a scroll of enchant weapon {unknown}
Potions
 a - a potion of lignification {unknown}
Comestibles
 b - 7 rations
 c - 3 chunks of flesh


   Skills:
 * Level 4.5 Fighting
 + Level 1.7 Armour
 + Level 2.9 Dodging
 - Level 2.1 Stealth
 * Level 4.1 Unarmed Combat


You had 4 spell levels left.
You didn't know any spells.
Your spell library was empty.

Dungeon Overview and Level Annotations

Branches:
Dungeon (2/15)

Altars:
Ashenzari


Innate Abilities, Weirdness & Mutations

You are resistant to torment.
Your stone body is resilient. (AC +4)
You are immune to poison.
You resist negative energy. (rN+)
You are resistant to electric shocks. (rElec)
You can survive without breathing.
You are immune to petrification.
You are immune to rotting.


Message History

The orc priest calls down the wrath of Beogh upon you.
Beogh smites you!
The orc priest miscasts a cantrip.
The orc priest calls down the wrath of Beogh upon you.
Beogh smites you!
There is an open door here.
You close the door.
There are no items here.
There are no items here.
There are no items here.
There is an open door here.
You start resting.
The orc priest is too close now for your liking.
The orc priest closely misses you.
The orc priest mumbles some strange prayers to Beogh against you.
Beogh smites you!
* * * LOW HITPOINT WARNING * * *
The orc priest invokes the aid of Beogh against you.
Beogh smites you!
You die...

.##.###.......<..##.....# #.
.##.##......#.##.##.....# #.
.##.###.......)..####.### ###
..............##.# #.# #..
.##.####.##.####.####.# #.# ....#
#.##.# #......# ###.# .####
##+##.####.###### #...# .#
##...#......# #.### .#
##.....#####@### #.### .#
##.......####o#.## #.##.
.###.........##.....#########.#..
...............###o..............
.###..........## ##.###########..
## #........#.# #...# ##.
#.#.....##.## ##(#.# ##.
####.##...####.###.##.# #..
.....###'### ##>..###.# #..


You could see an orc priest and an orc wizard.

Vanquished Creatures
  A centaur (D:2)
  2 adders (D:2)
  2 dart slugs (D:1)
  A leopard gecko (D:1)
  2 giant cockroaches (D:2)
  6 goblins
  5 hobgoblins
  2 jackals (D:2)
  A ball python (D:1)
  7 bats (D:1)
  3 frilled lizards
  4 kobolds
  7 rats
43 creatures vanquished.

Notes
Turn   | Place    | Note
-------+----------+-------------------------------------------
     0 | D:1      | HoaS the Gargoyle Monk began the quest for the Orb.
     0 | D:1      | Reached XP level 1. HP: 14/14 MP: 1/1
   216 | D:1      | Reached XP level 2. HP: 12/19 MP: 2/2
   859 | D:1      | Reached XP level 3. HP: 17/24 MP: 3/3
  1452 | D:2      | Reached skill level 1 in Armour
  1581 | D:2      | Noticed a centaur
  1610 | D:2      | Killed a centaur
  1610 | D:2      | Reached XP level 4. HP: 5/30 MP: 4/4
  1610 | D:2      | Reached XP level 5. HP: 6/34 MP: 5/5
  1630 | D:2      | Found a shattered altar of Ashenzari.
  2025 | D:2      | Noticed an orc warrior
  2086 | D:2      | Killed from afar by an orc priest

Skill      XL: |  1  2  3 |
---------------+----------+-----
Fighting       | 4 |  4.5
Armour         | 1 |  1.7
Unarmed Combat | 4 |  4.1
Dodging        | |  2.9
Stealth        | |  2.1

Action                   |  1- 3 |  4- 6 || total
-------------------------+-------+-------++-------
Melee: Unarmed           |   183 |    18 ||   201
       Punch             |     1 |       ||     1
  Use: Scroll            |     1 |       ||     1
 Stab: Sleeping          |     3 |     1 ||     4
  Eat: Chunk             |     2 |     2 ||     4
Armor: Robe              |    28 |       ||    28
       Leather armour    |    66 |     7 ||    73
Dodge: Dodged            |   142 |    11 ||   153
